 Dungeon Crawl Stone Soup version 0.30.1 (webtiles) character file.

Game seed: 366078226492945151

33 booth the Digger (level 3, -2/26 HPs)
             Began as a Draconian Earth Elementalist on July 9, 2023.
             Slain by a goblin
             ... wielding a +0 dagger
             ... led by Robin
              (4 damage)
             ... on level 2 of the Dungeon.
             The game lasted 00:04:13 (316 turns).

booth the Digger (Draconian Earth Elementalist)      Turns: 316, Time: 00:04:14

Health: -2/26      AC:  5    Str: 10    XL:     3   Next: 12%
Magic:  6/6        EV: 12    Int: 17    God:
Gold:   0          SH:  0    Dex: 11    Spells: 3/6 levels left

rFire   . . .        b - +2 dagger (freeze)
rCold   . . .        (no shield)
rNeg    . . .        (body armour unavailable)
rPois   .            (helmet restricted)
rElec   .            (no cloak)
rCorr   .            (no gloves)
SInv    .            (no boots)
Will    .....        (no amulet)
Stlth   ++           (no ring)
HPRegen 0.24/turn    (no ring)
MPRegen 0.10/turn

%: no passive effects
@: studying Conjurations
A: AC +5, unfitting armour, cold-blooded
a: no special abilities


You were on level 2 of the Dungeon.
You visited 1 branch of the dungeon, and saw 2 of its levels.

Inventory:

Hand Weapons
 b - a +2 dagger of freezing (weapon)
 e - a +0 dagger of venom
Potions
 c - 2 potions of resistance {unknown}
 d - a potion of curing {unknown}
 f - a potion of brilliance {unknown}


   Skills:
 + Level 2.1 Dodging
 + Level 2.1 Stealth
 + Level 2.3 Spellcasting
 + Level 0.7 Conjurations
 + Level 1.5 Transmutations
 + Level 3.2 Earth Magic


You had 3 spell levels left.
You knew the following spells:

 Your Spells              Type           Power      Damage    Failure   Level
a - Sandblast             Erth           26%        2d8       4%          1
b - Passwall              Tmut/Erth      8%         N/A       11%         2

Your spell library contained the following spells:

 Spells                   Type           Power      Damage    Failure   Level
 Stone Arrow              Conj/Erth      16%        3d8       26%         3
 Petrify                  Tmut/Erth      10%        N/A       56%         4


Dungeon Overview and Level Annotations

Branches:
Dungeon (2/15)

Altars:
Sif Muna


Innate Abilities, Weirdness & Mutations

Your plain brown scales are hard. (AC +5)
You cannot fit into any form of body armour.
You are cold-blooded and may be slowed by cold attacks.


Message History

Press: ? - help, Shift-Dir - straight line, f/p - Robin
Aim: Robin, wielding a +0 short sword, wearing a +0 animal skin and wearing a +0 helmet (heavily wounded, 87% to hit)
The blast of sand hits Robin but does no damage.
Robin is heavily wounded.
Robin hits you with a +0 short sword.
Robin roars a battlecry!
The goblins go into a battle-frenzy!
You hit Robin but do no damage.
Robin is heavily wounded.
Robin hits you with a +0 short sword.
You hit Robin. You freeze Robin.
Robin is severely wounded.
Robin throws the goblin at you! The goblin closely misses you.
You hit Robin. You freeze Robin.
Robin is almost dead.
The goblin hits you with a +0 dagger.
* * * LOW HITPOINT WARNING * * *
Robin roars a battlecry!
The hobgoblin goes into a battle-frenzy!
You hit Robin. You freeze Robin.
You kill Robin!
The goblin hits you with a +0 dagger.
* * * LOW HITPOINT WARNING * * *
You have reached level 3!
Your experience leads to an increase in your attributes!
Increase (S)trength, (I)ntelligence, or (D)exterity?
You feel clever. x2; Your scales feel tougher.
You barely miss the goblin. The goblin closely misses you.
The hobgoblin barely misses you.
You hit the hobgoblin. You freeze the hobgoblin.
The hobgoblin is heavily wounded.
The goblin hits you with a +0 dagger.
* * * LOW HITPOINT WARNING * * *
The hobgoblin barely misses you.
You hit the hobgoblin. You freeze the hobgoblin.
You kill the hobgoblin!
The goblin hits you with a +0 dagger.
* * * LOW HITPOINT WARNING * * *
Magic courses through your body. The goblin hits you with a +0 dagger.
You die...

#....).....#........ #.#.# #.#
####.......#......####.#.# #.#
..g.#......#.............#####.#
g.. #..###.......# #.#.......#
g. ##.###.......# #.#.##.#### g
#..##.......# ###......#
##..)##.g#### #........#
####..#≈≈.#####.#.._..##
#.....≈≈.≈g@g.........#
#.....≈).≈###.###.....#
#....≈≈.#~≈≈.........##
#....≈.>....##########
#....≈##≈.#.# #.....##~≈#.#
#..... ##~≈.# #..≈. ..≈.# #.≈≈≈
...#


You could see 3 goblins.

Vanquished Creatures
  Robin (D:2)
  2 bats (D:1)
  2 endoplasms
  8 goblins
  A hobgoblin (D:2)
  3 jackals (D:2)
  A kobold (D:2)
  A ball python (D:1)
19 creatures vanquished.

Notes
Turn   | Place    | Note
-------+----------+-------------------------------------------
     0 | D:1      | booth the Draconian Earth Elementalist began the quest for
                  | the Orb.
     0 | D:1      | Reached XP level 1. HP: 14/14 MP: 3/3
   162 | D:1      | You fall into a shaft and drop 1 floor!
   177 | D:2      | Found a shimmering blue altar of Sif Muna.
   213 | D:2      | Reached XP level 2. HP: 20/20 MP: 3/5
   263 | D:2      | Learned a level 2 spell: Passwall
   288 | D:2      | Noticed Robin
   312 | D:2      | Killed Robin
   313 | D:2      | Reached XP level 3. HP: 4/26 MP: 1/6
   316 | D:2      | Slain by a goblin

Illustrated notes

Levels and vault maps discovered:
D:1:      dpeg_arrival_three_same_balls, layout_basic
D:2:      layout_basic, basic_altar, mrwooster_statue_mirror,
          chequers_serial_rivers_small_b, nicolae_figureground_sparkle,
          uniq_robin

Skill      XL: |  1  2 |
---------------+-------+-----
Stealth        | 2 |  2.1
Dodging        | 2 |  2.1
Spellcasting   | |  2.3
Conjurations   | |  0.7
Transmutations | |  1.5
Earth Magic    | |  3.2

Action                     || total
---------------------------++-------
  Melee: Dagger            ||    23
         Tailslap          ||     1
   Cast: Sandblast         ||    18
    Use: Potion            ||     1
 Armour: Skin              ||     5
  Dodge: Dodged            ||    12
